 Dungeon Sprint DCSS version 0.04.2-19-ga012a504bd (webtiles) character file.

Game seed: 11341261957108460544, levelgen mode: deterministic

58 diana the Magician (level 3, 0/22 HPs) Deep Elf Ice Elementalist. Began on May 23, 2021. Was an Initiate of Vehumet. Slain by a merfolk ... wielding a +4 energetic staff of earth (2 damage) ... in the Dungeon (Sprint V: "Ziggurat Sprint"). The game lasted 00:00:51 (127 turns).

diana the Magician (Deep Elf Ice Elementalist)       Turns: 127, Time: 00:00:51

Health: 0/22       AC: 25    Str: 15    XL:     3 ^: 14
Magic:  14/14      EV:  8    Int: 20    God:    Vehumet [0* [28]]
Gold:   0          SH:  0    Dex: 15    Spells: 16/17 levels left

rFire    + + .     Vision   .   C - +7 great mace "Firestarter" {inner flame, rF++}
rCold    . . .     Gourm    .   (also wielding the above weapon)
rNeg     . . .     Faith    .   D - +15 Maxwell's patent armour {-Cast -Tele rElec MR+ rCorr}
rPois    .         Spirit   .   (no helmet)
rElec    +         Reflect  .   (no cloak)
rCorr    +         Harm     .   (no gloves)
MR       +....     NoTele   +   (no boots) Stlth ..........NoCast +
                                (no amulet)
HPRegen  0.17/turn              x - ring of strength
MPRegen  0.24/turn              y - ring of strength

@: no status effects
A: no striking features
a: Renounce Religion


You were in the Dungeon.
You worshipped Vehumet.
Vehumet was noncommittal.
You were not hungry.

You visited 1 branch

Inventory:

Weapons
 C - the +7 great mace "Firestarter" (weapon) {inner flame, rF++}
   (You found it in the Dungeon)

   Its malleable surface is completely molten, allowing it to meld around and
   partially ignore armour.
   Causes less base damage than a standard weapon; but partially ignores enemy's
   defense and burns causing additional damage to those that don't resist heat.
   It greatly protects you from fire.
Armour
 a - a +0 robe
 D - the +15 Maxwell's patent armour (worn) {-Cast -Tele rElec MR+ rCorr}
   (You found it in the Dungeon)

   It insulates you from electricity.
   It affects your resistance to hostile enchantments.
   It prevents spellcasting.
   It prevents most forms of teleportation.
   It provides partial protection from all sources of acid and corrosion.
Magical Staves
 E - the +6 Majin-Bo {vampiric, corrupt archmagi; MP+6 Int+6}
   (You found it in the Dungeon)

   [staff of ]

   Base accuracy: +5 Base damage: 5 Base attack delay: 1.2 This weapon's minimum
   attack delay (0.6) is reached at skill level 12.
   The minimum and maximum damage of damaging spells cast with this staff are
   significantly increased.
   It falls into the 'Staves' category.
   It is one handed.
   Its enchantment grants additive spellpower to the spells it enhances.
Jewellery
 t - an uncursed ring of dexterity
 u - an uncursed ring of dexterity
 v - an uncursed ring of intelligence
 w - an uncursed ring of intelligence
 x - a ring of strength (left hand)
 y - a ring of strength (right hand)
Wands
 z - a wand of disintegration (7)
 A - a wand of iceblast (7)
 B - a wand of acid (7)
Scrolls
 i - 4 scrolls of blinking
 o - 4 scrolls of amnesia
 p - 7 scrolls of fog
 q - a scroll of holy word
 r - 5 scrolls of bless item
 s - 2 scrolls of fear
Potions
 b - 2 potions of brilliance
 d - 10 potions of curing
 e - 10 potions of heal wounds
 f - 6 potions of haste
 g - 7 potions of magic
 h - 3 potions of berserk rage
 j - 2 potions of invisibility
 k - 4 potions of resistance
 m - 5 potions of agility
 n - 5 potions of might
Miscellaneous
 l - a sack of spiders
 F - a crystal ball of energy
Comestibles
 c - 7 rations


   Skills:
 - Level 2.8 Fighting
 - Level 3.4 Maces & Staves
 - Level 2.4 Dodging
 - Level 2.4 Stealth
 + Level 7.5 Spellcasting
   Level 1.1 Summonings
 + Level 6.6 Ice Magic


You had 16 spell levels left.
You knew the following spells:

 Your Spells              Type           Power        Failure   Level  Hunger
a - Freeze                Ice            25 (25)      6%          1    None

Your spell library contained the following spells:

 Spells                   Type           Power        Failure   Level  Hunger
 Throw Frost              Ice            34 (50)      9%          2    None
 Hailstorm                Ice            34 (100)     52%         4    ###....
 Throw Icicle             Ice            34 (100)     52%         4    ###....
 Ozocubu's Armour         Chrm/Ice       20 (100)     56%         3    None
 Summon Ice Beast         Ice/Summ       23 (100)     88%         4    ###....


Dungeon Overview and Level Annotations

Branches:
Dungeon (1/1)

Altars:
Ashenzari
Cheibriados
Dithmenos
Elyvilon
Fedhas Madash
Gozag Ym Sagoz
Hepliaklqana
Kikubaaqudgha
Makhleb
Nemelex Xobeh
Okawaru
Qazlal
Ru
Sif Muna
Trog
Uskayaw
Vehumet
Wu Jian
Xom
Yredelemnul
Zin
The Shining One Bahamut & Tiamat
Beogh
Jiyva
Lugonu

Annotations:
D 1 transporter


Message History

3 merfolk come into view.
A merfolk is wielding a cursed +4 trident of piercing {(Curse: Fragile)}.
The merfolk shouts! x2
The merfolk unwields a +0 trident.
The merfolk drops a +0 trident.
The merfolk picks up a +4 energetic staff of earth.
The merfolk wields a +4 energetic staff of earth.
Found three items.
Found a transporter.
Unknown command.
Unknown command.
The merfolk barely misses you (0).
The merfolk hits you with a +0 trident (6).
You sock the merfolk (16)! You burn the merfolk (16)!
The merfolk is filled with an inner flame.
The merfolk is severely wounded. (15/47) HP The merfolk hits you with a cursed +4 trident of piercing {(Curse: Fragile)} (5).
The merfolk hits you with a +4 energetic staff of earth (8)!
* * * LOW HITPOINT WARNING * * *
The merfolk hits you but does no damage.
The merfolk hits you with a +4 energetic staff of earth (2).
You die...

▓▓▓▓▓▓▓▓▓▓▓▓▓
▓.8©8.▓.8©8.▓
▓.}[).▓.....▓
▓.....▓...[.▓
▓.mmm.▓.....▓
▓..@..▓.....▓
▓.....▓..©..▓
▓..©..▓▓▓▓▓▓▓
▓▓▓▓▓▓▓


You could see 3 merfolk.

Vanquished Creatures
  A quasit (D)
  A white imp (D)
2 creatures vanquished.

Notes
Turn   | Place    | Note
-------+----------+-------------------------------------------
     0 | D        | diana the Deep Elf Ice Elementalist began the quest for the
                  | Orb.
     0 | D        | Reached XP level 1. HP: 10/10 MP: 6/6
     0 | D        | Found a shimmering blue altar of Sif Muna.
     0 | D        | Found a sacrificial altar of Ru.
     0 | D        | Found a bloodstained altar of Trog.
     0 | D        | Found a stormy altar of Qazlal.
     0 | D        | Found an iron altar of Okawaru.
     0 | D        | Found a sparkling altar of Nemelex Xobeh.
     0 | D        | Found a blossoming altar of Fedhas.
     1 | D        | Found the +6 Majin-Bo {vampiric, corrupt archmagi; MP+6
                  | Int+6}
     1 | D        | Found the +9 ballista "Sniper" {velocity, Acc+∞ +Vis}
     1 | D        | Found the +10 dark maul {crush}
     1 | D        | Found the +15 Maxwell's patent armour {-Cast -Tele rElec
                  | MR+ rCorr}
     1 | D        | Found the +18 shield of the Gong {rElec rN+ MR+ EV-5}
     1 | D        | Found the +14 obsidian axe {chop, +Fly +Vis Soulbond}
     1 | D        | Found the +7 great mace "Firestarter" {inner flame, rF++}
     1 | D        | Found the +6 shillelagh "Devastator" {shatter}
     1 | D        | Found the +11 plutonium sword {*Contam Stlth-}
     1 | D        | Found the +8 lance "Wyrmbane" {slay drac, rPois rF+ rC+
                  | AC+3}
     1 | D        | Found the +9 sword of Zonguldrok {reap}
     1 | D        | Found the +13 scythe of Curses {drain, Soulbond}
     1 | D        | Found the +0 sword of Power
     1 | D        | Found the +7 mace of Variability {chain chaos}
     1 | D        | Found the +7 Singing Sword {slice, sonic wave}
     1 | D        | Found the +8 storm bow {elec, penet}
     2 | D        | Found a transporter.
     2 | D        | Found an ancient bone altar of Kikubaaqudgha.
     2 | D        | Found a viscous altar of Jiyva.
     2 | D        | Found a corrupted altar of Lugonu.
     2 | D        | Found a hazy altar of Hepliaklqana.
     2 | D        | Found a burning altar of Makhleb.
     2 | D        | Found an opulent altar of Gozag.
    58 | D        | Became a worshipper of Vehumet
    88 | D        | Reached skill level 5 in Spellcasting
    88 | D        | Reached skill level 5 in Ice Magic
    88 | D        | Reached XP level 2. HP: 18/18 MP: 6/10
    89 | D        | Entered arena 2.
    89 | D        | Noticed a quasit
    89 | D        | Found a transporter.
    90 | D        | Killed a quasit
    90 | D        | Reached skill level 7 in Spellcasting
    90 | D        | Reached XP level 3. HP: 22/22 MP: 6/13
   124 | D        | Entered arena 3.
   124 | D        | Noticed a merfolk
   124 | D        | Noticed a merfolk
   124 | D        | Noticed a merfolk
   124 | D        | Found a transporter.
   127 | D        | Slain by a merfolk

Levels and vault maps discovered:
D:        sprint_v [room_start, room_1, room_2, room_3, room_4, room_5, room_6,
          room_7, room_8, room_9, room_10, room_11, room_12, room_13, room_14,
          room_15, room_16, room_17, room_18, room_19, room_20, room_21,
          room_22, room_23, room_24, room_25, room_26, room_27]

Skill      XL: |  1  2 |
---------------+-------+-----
Fighting       | 2 |  2.8
Maces & Staves | 3 |  3.4
Spellcasting   | 5 7 |  7.5
Ice Magic      | 5 6 |  6.6
Dodging        | |  2.4
Stealth        | |  2.4
Summonings     | |  1.1

Action                   || total
-------------------------++-------
Melee: Great mace        ||     3
  Use: Potion            ||     1
Armor: Plate armour      ||     2
Dodge: Dodged            ||     2
